 Dungeon Crawl Stone Soup version 0.28-a0-1152-g9c71ebef14 (webtiles) character file.

Game seed: 6227073401098440204

1210 spaghetti the Covert (level 8, -4/52 HPs)
             Began as an Octopode Delver on Dec 14, 2021.
             Slain by a sky beast (5 damage)
             ... on level 6 of the Dungeon.
             The game lasted 00:10:19 (4568 turns).

spaghetti the Covert (Octopode Delver)              Turns: 4568, Time: 00:10:20

Health: -4/52      AC:  1    Str: 11    XL:     8   Next: 45%
Magic:  8/8        EV: 17    Int: 14    God:
Gold:   111        SH:  0    Dex: 14    Spells: 7/7 levels left

rFire   . . .      SeeInvis .   a - +1 mace {mace}
rCold   . . .      Faith    .   (no shield)
rNeg    . . .      Spirit   .   (helmet restricted)
rPois   .          Reflect  .   (no amulet)
rElec   .          Harm     .   (no ring)
rCorr   .          Rampage  .   (no ring)
Will    .....                   (no ring)
Stlth   +++++.....              (no ring)
HPRegen 0.17/turn               (no ring)
MPRegen 0.11/turn               (no ring)
                                (no ring)
                                (no ring)

@: studying Poison Magic
A: almost no armour, amphibious, 8 rings, camouflage 1, gelatinous body 1,
(nimble swimmer 1), tentacles
a: no special abilities


You were on level 6 of the Dungeon.
You visited 1 branch of the dungeon, and saw 4 of its levels.
You also visited: Ossuary.

You collected 155 gold pieces.
You spent 44 gold pieces at shops.


Innate Abilities, Weirdness & Mutations

You cannot wear most types of armour.
You are amphibious.
You can wear up to eight rings at the same time.
Your skin changes colour to match your surroundings (Stealth+).
Your rubbery body absorbs attacks. (AC +1, EV +1)
((You are camouflaged near water. (Stealth+)))
You have tentacles for arms and can constrict up to eight enemies at once.


   Skills:
 - Level 3.0 Fighting
 - Level 2.0 Maces & Flails
 + Level 9.1 Dodging
 - Level 9.1 Stealth


You had 7 spell levels left.
You didn't know any spells.
Your spell library contained the following spells:

 Spells                   Type           Power      Damage    Failure   Level
 Beastly Appendage        Tmut           0%         N/A       28%         1
 Wereblood                Tmut           0%         N/A       41%         2
 Spider Form              Tmut/Pois      0%         N/A       65%         3
 Fireball                 Conj/Fire      0%         3d3       100%        5
 Starburst                Conj/Fire      0%         6d3       100%        6
 Ignition                 Fire           0%         3d3       100%        8

Inventory:

Hand Weapons
 a - a +1 mace (weapon) {mace}
Missiles
 c - 47 arrows
 e - 22 sling bullets
 h - 17 bolts
 l - 19 stones (quivered) {throwing}
Jewellery
 i - a ring of protection from fire
   (You took it off an orc on level 4 of the Dungeon)
Wands
 d - a wand of digging (7)
   (You found it on level 6 of the Dungeon)
Scrolls
 b - a scroll of fog
 k - 3 scrolls of holy word
Potions
 f - 2 potions of flight
 j - a potion of cancellation

Dungeon Overview and Level Annotations

Branches:
Dungeon (7/15)             Temple (0/1) D:6         Ossuary (visited)

Altars:

Shops:
D:4 !(=   D:6 ?

Annotations:
D:4 1 exclusion
D:5 Pikel

#.......##..........[.....#
###.......##.########..8....#
#.........##.#.....#.#.#....#
#...#####.##.#.......#)######
#...# #.##.#####.#.#.# #
####...## #.##.#####.#.#.# ##
#.......# #.##.#.....#.#.###
##. #.......#
#.##....#....#...###.#
#.......#
#>...@#.#.#....#.##.##
#.......#
####.Y.###....##.#.##
#.......####
#.).##.#######..##
######.....###.##...........##
#.....'..[..##.#######.##
#.....####...###....##..#
#.....##.#..#.#.#....#..#
###.....##.#....#....#....####
#..........#.#'.)....#.#......


You could see a sky beast.


Message History

Unknown command.
You pick up a book of Fire and begin reading...
You add the spells Fireball, Starburst and Ignition to your library.
There is a large open door here.
You now have 111 gold pieces (gained 17).
There is a large open door here.
A sourceless malevolence fills the Dungeon... and a teleportation trap spontaneously manifests!
You are yanked towards a nearby monster!
Your surroundings suddenly seem different.
Unknown command.
A gnoll is nearby!
Hit: a) +1 mace {mace}
Press: ? - help, Dir - move target, f - you That would be overly suicidal.
Okay, then.
Unknown command.
Unknown command.
Okay, then.
You hit the gnoll. You grab the gnoll. You squeeze the gnoll!
You constrict the gnoll, but do no damage.
The gnoll hits you with a +0 flail! 😕 HP[-8]
You take 8 damage, and now have 44/52 hp.
You hit the gnoll. You constrict the gnoll.
You kill the gnoll! 😕 HP[+1] Unknown command.
You start resting. 😎 HP[+7]
Your hp is fully restored (52).
You see here a +0 flail {mace}.
A gnoll is nearby!
A gnoll is nearby!
You see here a +0 scale mail.
The gnoll misses you.
There is an open door here.
You closely miss the sky beast. The sky beast misses you.
The gnoll hits you with a +0 halberd!
The sky beast barely misses you. 😮 HP[-15]
You take 15 damage, and now have 37/52 hp.
MASSIVE DAMAGE!! (PAUSE)
Okay, then.
The gnoll barely misses you. 😮 HP[+1]
You closely miss the sky beast. The gnoll barely misses you.
The sky beast hits you but does no damage.
The gnoll barely misses you.
Okay, then.
You closely miss the sky beast. The sky beast completely misses you.
The gnoll misses you.
Unknown command.
Unknown command.
Okay, then. 😮 HP[+1]
Aiming: Iceblast
Press: ? - help, Shift-Dir - straight line, f - gnoll
Aim: a gnoll, wielding a +0 halberd The mass of ice explodes!
The iceblast engulfs the gnoll!
The iceblast engulfs the sky beast.
The sky beast flickers out of sight!
Deactivating autopickup; reactivate with Ctrl-A.
Something hits you. Something shocks you.
The gnoll completely misses you. 😮 HP[-8]
You take 8 damage, and now have 31/52 hp.
Aiming: Iceblast
Press: ? - help, Shift-Dir - straight line, f/p - gnoll
Aim: a gnoll, wielding a +0 halberd (heavily wounded)
The mass of ice explodes!
The iceblast engulfs the gnoll!
You kill the gnoll!
The iceblast engulfs something!
The now-empty wand crumbles to dust.
Something hits you. Something shocks you.
* * * LOW HITPOINT WARNING * * *
😨 HP[-7]
You take 7 damage, and now have 24/52 hp.
Okay, then.
Okay, then.
You barely miss something. Something hits you.
* * * LOW HITPOINT WARNING * * *
Something shocks you.
* * * LOW HITPOINT WARNING * * *
😨 HP[-8]
You take 8 damage, and now have 16/52 hp.
Unknown command.
Unknown command.
Okay, then.
You barely miss something. Something hits you.
* * * LOW HITPOINT WARNING * * *
Something shocks you.
* * * LOW HITPOINT WARNING * * *
A sky beast appears from thin air!
Reactivating autopickup.
The sky beast closely misses you. 😱 HP[-10]
You take 10 damage, and now have 6/52 hp.
Unknown command.
You miss the sky beast.
You squeeze the sky beast, but do no damage.
The sky beast hits you.
* * * LOW HITPOINT WARNING * * *
The sky beast shocks you.
You die...

Skill      XL: |  1  2  3  4  5  6  7  8 |
---------------+-------------------------+-----
Stealth        | 7 9 |  9.1
Dodging        | 3 4 5 7 9 |  9.1
Fighting       | |  3.0
Maces & Flails | |  2.0

Action                   |  1- 3 |  4- 6 |  7- 9 || total
-------------------------+-------+-------+-------++-------
Melee: Mace              |     9 |   113 |   108 ||   230
       Constrict         |       |    34 |    24 ||    58
       Tentacles         |       |    29 |    30 ||    59
Throw: Stone             |       |       |     2 ||     2
Evoke: Wand              |     8 |     1 |     7 ||    16
  Use: Scroll            |     1 |       |     7 ||     8
       Potion            |       |     1 |    13 ||    14
 Stab: Sleeping          |     1 |     6 |     3 ||    10
       Distracted        |       |     2 |       ||     2
Armor: Skin              |     3 |    14 |     8 ||    25
Dodge: Dodged            |    19 |    98 |   149 ||   266

Levels and vault maps discovered:
D:4:      minmay_chambers_of_threes, layout_rooms, kennysheep_okawaru_gauntlet,
          serial_shops, nicolae_diamond_shop, shop, shop,
          nicolae_shop_advertising_works [nicolae_subvault_shop_adworks]
D:5:      layout_gridville, uniq_pikel, uniq_duvessa
D:6:      layout_basic, minmay_temple_entry_junction_2, serial_shops,
          nicolae_take_the_stairs, nicolae_ossuary_entry_monument,
          kennysheep_big_empty_room, grunt_ministairs_7,
          minmay_manual_monstrance
D:7:      layout_cave_pools, serial_shops, nicolae_shop_behind_doors, shop,
          nicolae_diamond_shop

Notes
Turn   | Place    | Note
-------+----------+-------------------------------------------
     0 | D:5      | spaghetti the Octopode Delver began the quest for the Orb.
     0 | D:5      | Reached XP level 1. HP: 16/16 MP: 1/1
     0 | D:5      | magus.rc [v1.9.6]
    12 | D:6      | Noticed an ice beast
    15 | D:6      | Found Vapletur's Magic Scroll Emporium.
    53 | D:5      | Reached skill level 7 in Stealth
    53 | D:5      | Reached XP level 2. HP: 12/21 MP: 2/2
   278 | D:5      | Noticed a scorpion
   536 | D:5      | Noticed Pikel
   536 | D:5      | Noticed a lemure
   536 | D:5      | Noticed a lemure
   536 | D:5      | Noticed a lemure
   536 | D:5      | Noticed an ogre
   577 | D:6      | Noticed a phantom
   597 | D:6      | Killed a phantom
   598 | D:6      | Reached skill level 9 in Stealth
   598 | D:6      | Reached XP level 3. HP: 11/26 MP: 3/3
   598 | D:6      | Reached XP level 4. HP: 13/31 MP: 4/4
   608 | D:6      | Found a sand-covered staircase.
   616 | Ossuary  | Entered an ossuary
   853 | Ossuary  | HP: 4/31 [water moccasin zombie (5)]
  1149 | Ossuary  | Reached skill level 3 in Dodging
  1149 | Ossuary  | Reached XP level 5. HP: 23/36 MP: 5/5
  1286 | Ossuary  | Reached skill level 4 in Dodging
  1296 | Ossuary  | Reached XP level 6. HP: 27/42 MP: 6/6
  1413 | Ossuary  | Reached skill level 5 in Dodging
  1885 | D:6      | Noticed a sky beast
  1899 | D:6      | Reached XP level 7. HP: 18/46 MP: 7/7
  1902 | D:6      | Reached skill level 6 in Dodging
  2294 | D:6      | HP: 7/46 [bullfrog (6)]
  2446 | D:6      | Reached skill level 7 in Dodging
  2483 | D:6      | HP: 17/69 [poisoned by a water moccasin]
  2483 | D:6      | HP: 8/69 [wyvern skeleton (2)]
  2683 | D:6      | HP: 10/46 [sky beast (6)]
  2684 | D:6      | HP: 4/46 [sky beast (5)]
  3121 | D:5      | Reached XP level 8. HP: 50/52 MP: 8/8
  3148 | D:5      | Reached skill level 8 in Dodging
  3355 | D:4      | Found Hanon's Jewellery Shoppe.
  3424 | D:4      | Found Xaugim's Weapon Shoppe.
  3727 | D:4      | You pick up a book of Changes and begin reading...
  3727 | D:4      | You add the spells Beastly Appendage, Wereblood and Spider
                  | Form to your library.
  3896 | D:4      | Found Ivejant's Distillery.
  3902 | D:4      | Bought a potion of might for 44 gold pieces
  4019 | D:4      | You fall into a shaft and drop 1 floor!
  4391 | D:6      | Reached skill level 9 in Dodging
  4399 | D:6      | You pick up a book of Fire and begin reading...
  4399 | D:6      | You add the spells Fireball, Starburst and Ignition to your
                  | library.
  4567 | D:6      | HP: 12/52 [something (5)]
  4568 | D:6      | HP: 1/52 [sky beast (5)]
  4568 | D:6      | Slain by a sky beast

Vanquished Creatures
  A water moccasin (D:6)
  A black bear (D:5)
  A phantom (D:6)
  A lemure (D:4)
  2 bullfrogs
  A scorpion (D:6)
  4 water moccasin zombies (Ossuary)
  A wyvern skeleton (D:6)
  An electric eel (D:6)
  2 bullfrog zombies (D:6)
  4 hounds
  2 orc priests (D:6)
  A bullfrog skeleton (D:6)
  A hound skeleton (D:4)
  2 mummies (Ossuary)
  5 gnolls
  An adder (D:5)
  2 ufetubi (D:6)
  7 adder zombies (Ossuary)
  A worm (D:4)
  A dart slug (D:5)
  4 orcs
  An endoplasm (D:5)
  A giant cockroach (D:4)
  3 gnoll zombies (Ossuary)
  A hobgoblin (D:4)
  A goblin (D:4)
  7 hobgoblin zombies (Ossuary)
  A kobold (D:4)
  6 kobold zombies (Ossuary)
  5 orc zombies (Ossuary)
72 creatures vanquished.

Table legend:
 A = Non-vault XP
 B = Vault XP
 C = Vault XP percentage of total XP
 D = Non-vault monster count
 E = Vault monster count
 F = Vault count percentage of total count
                 A         B        C        D         E       F
            +---------+---------+-------+---------+---------+-------
      Total |     995 |     734 |  42.5 |      31 |      40 |  56.3
            +---------+---------+-------+---------+---------+-------
        D:4 |      71 |      60 |  45.8 |       8 |       2 |  20.0
        D:5 |     302 |       0 |   0.0 |       8 |       0 |   0.0
        D:6 |     622 |     261 |  29.6 |      15 |       4 |  21.1
    Ossuary |       0 |     413 | 100.0 |       0 |      34 | 100.0
            +---------+---------+-------+---------+---------+-------

Illustrated notes

Table legend:
 A = Kills in this place as a percentage of kills in entire the game.
 B = Kills by you in this place as a percentage of kills by you in the entire game.
 C = Kills by friends in this place as a percentage of kills by friends in the entire game.
 D = Other kills in this place as a percentage of other kills in the entire game.
 E = Experience gained in this place as a percentage of experience gained in the entire game.
 F = Experience gained in this place divided by the number of levels of this place that you have seen.
                   A       B       C       D       E      F
               +-------+-------+-------+-------+-------+----------------------
         Total | 100.0 | 100.0 |   N/A |   N/A | 100.0 | 345.8
       Dungeon |  52.1 |  52.1 |   N/A |   N/A |  76.1 | 329.0
       Ossuary |  47.9 |  47.9 |   N/A |   N/A |  23.9 | 413.0
               +-------+-------+-------+-------+-------+----------------------

Table legend: (Time is in decaauts)
 A = Elapsed time spent in this place.
 B = Non-inter-level travel time spent in this place.
 C = Inter-level travel time spent in this place.
 D = Time resting spent in this place.
 E = Time spent auto-exploring this place.
 F = Levels seen in this place.
 G = Mean time per level.
                   A        B        C        D        E       F      G
               +--------+--------+--------+--------+--------+-----+--------+
         Total |   4621 |   4612 |      9 |   2608 |   1113 |   5 |  924.2 |
       Dungeon |   3501 |   3492 |      9 |   1814 |    988 |   4 |  875.2 |
       Ossuary |   1120 |   1120 |      0 |    794 |    125 |   1 | 1120.0 |
               +--------+--------+--------+--------+--------+-----+--------+

Top non-repeatable levels by time:
     D:6: 1823 daAuts
 Ossuary: 1120 daAuts
     D:4: 795 daAuts
     D:5: 791 daAuts
     D:7: 90 daAuts
